 Dungeon Crawl Stone Soup version 0.31.0-32-g396128a36d (webtiles) character file.

Game seed: 1048584985791619449

541 Amplified the Covered (level 7, -4/52 HPs)
             Began as a Demonspawn Wanderer on Mar 12, 2024.
             Was a Follower of Makhleb.
             Slain by an ogre
             ... wielding a +0 giant club
              (27 damage)
             ... on level 4 of the Dungeon.
             The game lasted 00:05:57 (3354 turns).

Amplified the Covered (Demonspawn Wanderer)         Turns: 3354, Time: 00:05:58

Health: -4/52      AC: 13    Str: 15    XL:     7   Next: 5%
Magic:  0/8        EV:  5    Int: 11    God:    Makhleb [*.....]
Gold:   217        SH: 12    Dex: 13    Spells: 7/8 levels left

rFire   . . .        f - +4 hand axe (heavy)
rCold   . . .        i - +0 tower shield
rNeg    . . .        d - +3 scale mail
rPois   .            k - +1 helmet
rElec   .            (no cloak)
rCorr   .            (no gloves)
SInv    .            m - +0 pair of boots
Will    .....        (no amulet) Stlth
                     (no ring)
HPRegen 0.28/turn    (no ring)
MPRegen 0.22/turn

%: guardian spirit
@: no status effects
A: claws 1, magic shield, magic regeneration
a: Renounce Religion


You were on level 4 of the Dungeon.
You worshipped Makhleb.
Makhleb was aware of your devotion.
You visited 2 branches of the dungeon, and saw 5 of its levels.
You also visited: Sewer.

You collected 217 gold pieces.

Inventory:

Hand Weapons
 a - a +0 club
 f - a +4 heavy hand axe (weapon)
Armour
 d - a +3 scale mail (worn)
 i - a +0 tower shield (worn)
 k - a +1 helmet (worn)
 m - a +0 pair of boots (worn)
Jewellery
 g - a ring of fire
 s - an amulet of magic regeneration
Wands
 b - a wand of polymorph (15)
Scrolls
 r - a scroll of fog
 t - a scroll of vulnerability
Potions
 c - 2 potions of attraction
 e - a potion of magic
 h - a potion of might
 n - 2 potions of mutation {unknown}
 o - a potion of curing {unknown}
 p - a potion of lignification {unknown}
 q - 2 potions of degeneration {unknown}


   Skills:
 + Level 3.2 Fighting
 * Level 4.2 Axes
 - Level 0.1(2.5) Maces & Flails
 - Level 4.5 Armour
 * Level 3.7 Shields
 - Level 1.0 Spellcasting
 - Level 1.0 Alchemy
 - Level 1.2 Invocations
 - Level 2.0 Evocations


You had 7 spell levels left.
You knew the following spells:

 Your Spells              Type           Power      Damage    Failure   Level
a - Sting                 Conj/Alch      4%         1d3       100%        1

Your spell library contained the following spells:

 Spells                   Type           Power      Damage    Failure   Level
 Freeze                   Ice            0%         1d3       100%        1
 Magic Dart               Conj           0%         1d3       100%        1
 Cigotuvi's Dreadful Rot  Necr/Alch/Air  2%         N/A       100%        2
 Searing Ray              Conj           0%         2d4       100%        2
 Frozen Ramparts          Ice            0%         1d1       100%        3
 Hailstorm                Conj/Ice       0%         3d5       100%        3
 Mephitic Cloud           Conj/Alch/Air  1%         N/A       100%        3
 Fulminant Prism          Conj/Alch      0%         3d5       100%        4
 Ignite Poison            Fire/Alch      1%         N/A       100%        4
 Leda's Liquefaction      Alch/Erth      0%         N/A       100%        4
 Petrify                  Alch/Erth      1%         N/A       100%        4
 Freezing Cloud           Conj/Ice/Air   0%         6-21      100%        5
 Metabolic Englaciation   Hex/Ice        0%         N/A       100%        5


Dungeon Overview and Level Annotations

Branches:
Dungeon (4/15)             Temple (1/1) D:4           Sewer (visited)

Altars:
Gozag
Hepliaklqana
Kikubaaqudgha
Makhleb
Nemelex Xobeh
Okawaru
Qazlal
Sif Muna
Trog
Uskayaw
Vehumet
Wu Jian
Xom
Yredelemnul

Shops:
D:1 [   D:4 :

Annotations:
D:3 2 transporters


Innate Abilities, Weirdness & Mutations

You have sharp fingernails.
When hurt, damage is shared between your health and your magic reserves.
You regenerate magic rapidly.


Message History

You block the ball python's attack. The ball python grabs you.
The ball python constricts you.
You hit the ball python.
You kill the ball python!
Makhleb accepts your kill.
You feel better.
Okay, then.
Aiming: Polymorph
Press: ? - help, Shift-Dir - straight line, f/p - ogre
Aim: an ogre, wielding a +0 giant club (heavily wounded, will become a scorpion, a tengu, or a bat, chance to affect: 54%)
The ogre resists with significant effort.
Okay, then.
Throw: throwing net
Press: ? - help, Q - select action, (/) - cycle Shift-Dir - straight line, f/p - ogre
Aim: an ogre, wielding a +0 giant club (heavily wounded, 71% to hit)
You throw a throwing net. The throwing net hits the ogre.
The ogre is caught in the net!
The ogre is heavily wounded.
The ogre struggles against the net. x2
The ogre struggles against the net.
You barely miss the ogre.
The ogre is heavily wounded.
The ogre struggles against the net. x2
You completely miss the ogre.
The ogre is heavily wounded.
The ogre struggles against the net.
The net rips apart, and the ogre comes free!
The ogre hits you with a +0 giant club!!
You slash the ogre!
The ogre is almost dead.
The ogre hits you with a +0 giant club!
You barely miss the ogre.
The ogre is almost dead.
The ogre hits you with a +0 giant club!!
* * * LOW HITPOINT WARNING * * *
Unknown command.
You feel much better.
The ogre hits you with a +0 giant club!!
Ouch! That really hurt!
You die...

##...
##########..##
###...O......#..
#...########...#
#.### ###..
###.# ###
###...# #
#..O### #..#@.#
#. ##.#
#....?...#
#..#...#.# #.
.#.#. # #
...∩...
...#.#..# #..
... .. ... ...
..#


You could see an ogre.

Vanquished Creatures
  2 bullfrogs (Sewer)
  A bombardier beetle (D:4)
  Jessica (D:2)
  2 iguanas (D:4)
  3 gnolls (D:3)
  12 adders
  A river rat (D:4)
  3 ribbon worms
  10 dart slugs
  8 orcs
  20 ball pythons
  6 endoplasms
  15 giant cockroaches
  8 goblins
  4 hobgoblins
  3 quokkas
  10 bats
  18 frilled lizards
  8 kobolds
  10 rats
145 creatures vanquished.

Vanquished Creatures (others)
  A ball python (Sewer)
1 creature vanquished.

Grand Total: 146 creatures vanquished

Notes
Turn   | Place    | Note
-------+----------+-------------------------------------------
     0 | D:1      | Amplified the Demonspawn Wanderer began the quest for the
                  | Orb.
     0 | D:1      | Amplified set off with the following items: a +0 club, a
                  | wand of polymorph (7), a potion of attraction, a +2 scale
                  | mail; and the following spell memorised: Sting; and the
                  | following spells available to memorise: Mephitic Cloud.
     0 | D:1      | Reached XP level 1. HP: 13/13 MP: 2/2
    96 | D:1      | Found Nywkilef's Armour Emporium.
   112 | D:1      | Reached skill level 1 in Axes
   112 | D:1      | Gained mutation: You regenerate magic rapidly. [demonic
                  | ancestry]
   112 | D:1      | Reached XP level 2. HP: 20/20 MP: 3/3
   166 | D:1      | Reached skill level 1 in Fighting
   376 | D:1      | Found a faded altar of an unknown god.
   465 | D:1      | Gained mutation: You have sharp fingernails. [demonic
                  | ancestry]
   465 | D:1      | Reached XP level 3. HP: 26/26 MP: 4/4
   763 | D:2      | Noticed Jessica
   766 | D:2      | Killed Jessica
   801 | D:2      | Reached skill level 1 in Shields
   845 | D:2      | Gained mutation: When hurt, damage is shared between your
                  | health and your magic reserves. [demonic ancestry]
   845 | D:2      | Reached XP level 4. HP: 33/33 MP: 5/5
  1484 | D:3      | Reached XP level 5. HP: 33/38 MP: 4/6
  1535 | D:3      | Found a transporter.
  1596 | D:3      | Found an ornate altar of the Wu Jian Council.
  1657 | D:3      | Found a transporter.
  2113 | D:4      | Found a staircase to the Ecumenical Temple.
  2134 | D:4      | Found a glowing drain.
  2169 | Temple   | Entered the Ecumenical Temple
  2180 | Temple   | Became a worshipper of Makhleb the Destroyer
  2221 | Sewer    | Entered a sewer
  2252 | Sewer    | Reached XP level 6. HP: 46/46 MP: 7/7
  2414 | Sewer    | Reached * piety under Makhleb
  2773 | D:4      | Reached XP level 7. HP: 44/52 MP: 5/8
  3343 | D:4      | Found Lukh's Book Shoppe.
  3353 | D:4      | HP: 2/52 [ogre/+0 giant club (15)]
  3354 | D:4      | Slain by an ogre

Illustrated notes

Levels and vault maps discovered:
D:1:      amcnicky_arrival_flooded_fountain, layout_basic,
          ebering_ecumenical_altar_ruins, serial_shops,
          nicolae_shop_pleasant_corner_grove, minmay_misc_feat_rows,
          minmay_misc_feat_columns
D:2:      layout_loops_ring, minmay_lizard_pond, uniq_jessica
D:3:      gammafunk_steamed_eel, layout_loops_cross, nzn_wu_jian_contemplation
D:4:      layout_basic, kennysheep_mini_moat, tso_metal_star,
          minmay_temple_entry_offerings, cheibrodos_sewer_entry_sluice,
          serial_shops, nicolae_shop_advertising_works
          [nicolae_subvault_shop_adworks]
Temple:   nicolae_temple_figure_eight

Skill      XL: |  1  2  3  4  5  6 |
---------------+-------------------+-----
Axes           | 1 2 3 4 |  4.2
Fighting       | 1 2 3 |  3.2
Shields        | 1 2 3 |  3.7
Maces & Flails | |  0.1
Armour         | |  4.5
Spellcasting   | |  1.0
Alchemy        | |  1.0
Invocations    | |  1.2
Evocations     | |  2.0

Action                     |  1- 3 |  4- 6 |  7- 9 || total
---------------------------+-------+-------+-------++-------
  Melee: Hand axe          |    78 |   194 |    17 ||   289
         Club              |     4 |       |       ||     4
  Throw: Throwing net      |       |       |     1 ||     1
  Evoke: Wand              |       |       |     2 ||     2
    Use: Scroll            |     3 |     3 |     1 ||     7
         Potion            |       |     3 |     1 ||     4
 Armour: Scale mail        |    68 |   166 |    14 ||   248
  Dodge: Dodged            |    39 |    50 |     1 ||    90
  Block: Tower shield      |    14 |   204 |    12 ||   230
